 Dungeon Crawl Stone Soup version 0.18.1-8-gdd0e5ea (webtiles) character file.

767 Gargoyl the Covered (level 7, -2/55 HPs)
             Began as a Demonspawn Abyssal Knight on May 21, 2016.
             Was a Priest of Lugonu.
             Shot with an arrow by a centaur (9 damage)
             ... on level 5 of the Dungeon.
             The game lasted 00:12:24 (4569 turns).

Gargoyl the Covered (Demonspawn Abyssal Knight)     Turns: 4569, Time: 00:12:25

Health: -2/55      AC: 16    Str: 14    XL:     7   Next: 52%
Magic:  9/9        EV:  7    Int: 15    God:    Lugonu [***...]
Gold:   242        SH:  3    Dex: 13    Spells: 0 memorised, 6 levels left

rFire  . . .     SeeInvis .     u - +0 war axe
rCold  + . .     Gourm    .     w - +0 chain mail
rNeg   . . .     Faith    .     r - +0 buckler
rPois  .         Spirit   .     g - +0 helmet
rElec  .         Dismiss  .     j - +1 cloak
rCorr  .         Reflect  .     o - +0 pair of gloves
SustAt .         Harm     .     (no boots)
MR     .....                    (no amulet)
Stlth  ..........               (no ring)
                                p - ring of stealth

@: not resistant to hostile enchantments, extremely unstealthy
A: hooves 1, slimy green scales 1, clever 1, cold resistance 1, demonic guardian
2
a: Depart the Abyss, Bend Space, Banish, Renounce Religion


You were on level 5 of the Dungeon.
You worshipped Lugonu.
Lugonu was most pleased with you.
You were not hungry.

You visited 1 branch of the dungeon, and saw 5 of its levels.
You visited the Abyss 1 time.

You collected 242 gold pieces.

Inventory:

Hand Weapons
 d - the +1 spear of Qell {pierce, rElec MR+}
   (You found it on level 3 of the Abyss)

   It inflicts extra damage upon your enemies.
   It insulates you from electricity.
   It affects your resistance to hostile enchantments.
 q - a +0 flail
 u - a +0 war axe (weapon)
Armour
 g - a +0 helmet (worn)
 j - a +1 cloak (worn)
 o - a +0 pair of gloves (worn)
 r - a +0 buckler (worn)
 w - a +0 chain mail (worn)
Jewellery
 p - a ring of stealth (left hand)
Wands
 a - a wand of enslavement (20/24)
 t - a wand of lightning (11/15)
Scrolls
 e - 2 scrolls of teleportation
 l - 4 scrolls of identify
Potions
 k - a potion of resistance
 n - a potion of magic
Books
 i - a book of Callings

   Spells                             Type                      Level
   a - Summon Small Mammal            Summoning                    1
   b - Call Imp                       Summoning                    2
   c - Call Canine Familiar           Summoning                    3
   d - Summon Guardian Golem          Hexes/Summoning              3
   e - Summon Lightning Spire         Summoning/Air                4
   f - Summon Ice Beast               Ice/Summoning                4
Comestibles
 b - 9 fruits
 c - 3 bread rations
 f - 2 royal jellies
 m - 2 meat rations
 x - a beef jerky


   Skills:
 + Level 4.6 Fighting
 + Level 2.1(2.7) Axes
 + Level 2.5(2.9) Polearms
 * Level 5.1 Armour
 + Level 3.2 Dodging
 + Level 0.4 Stealth
 + Level 0.8 Shields
 + Level 3.1 Invocations


You had 6 spell levels left.
You didn't know any spells.

Dungeon Overview and Level Annotations

Branches:
Dungeon (5/15)
 Temple: D:4-7

Altars:
Gozag
Kikubaaqudgha
Makhleb
Pakellas
Qazlal
Yredelemnul


Innate Abilities, Weirdness & Mutations

You have large cloven feet.
You are partially covered in slimy green scales (AC +2).
A demonic guardian rushes to your aid.
Your mind is acute. (Int +2)
Your flesh is cold resistant.


Message History

You aren't in the Abyss!
Press: ? - help, Shift-Dir - straight line, f - killer bee
Aim: a killer bee (chance to defeat MR: 87%)
The killer bee is devoured by a tear in reality.
Lugonu claims a new guest.
You are feeling hungry.
You start resting.
Eating a chunk of flesh.
This raw flesh tastes terrible.
You continue eating. x2
Magic restored.
You start resting.
A centaur comes into view.
The centaur wields a shortbow.
The centaur shoots an arrow.
The arrow hits you.
You see here an arrow.
The centaur shoots an arrow.
The arrow hits you!
* * * LOW HITPOINT WARNING * * *
The centaur shoots an arrow.
The arrow hits you.
* * * LOW HITPOINT WARNING * * *
You see here 2 arrows.
The centaur shoots an arrow.
The arrow hits you!
You die...

.............#####.##########
........##+#.........
........# #..........
........# +......# ..
........##+#...c..#
..###+#..........# ..
#.........# #........#
#....4@.## #.###+.(.##
#.....(### #........##
#.###+##†.#+ # ##..## #.†..#
#.....# #......#


You could see a centaur and a friendly ice devil.

Vanquished Creatures
  The ghost of Gravitas the Magician, an amateur GrWz (D:3)
  A scorpion (D:4)
  A killer bee (D:5)
  A howler monkey (D:5)
  2 orc wizards (D:3)
  A worker ant (D:5)
  A hound skeleton (D:5)
  A worker ant zombie (D:5)
  3 adders
  An adder skeleton (D:4)
  A worm (D:4)
  3 dart slugs
  4 giant geckos
  10 orcs
  10 giant cockroaches
  10 goblins
  7 hobgoblins
  3 quokkas
  A ball python (D:1)
  4 bats
  A giant gecko zombie (D:3)
  2 giant newts
  A jackal skeleton (D:4)
  A jackal zombie (D:5)
  10 kobolds
  10 rats
91 creatures vanquished.

Vanquished Creatures (collateral kills)
  A sky beast (D:5)
  An ogre (D:4)
  A centaur (D:5)
  A killer bee (D:5)
  A howler monkey (D:4)
  A crimson imp (D:5)
  A jelly (D:5)
  An orc priest (D:3)
  An iguana (D:5)
  A killer bee zombie (D:5)
  2 orcs (D:3)
  2 giant cockroaches
14 creatures vanquished.

Vanquished Creatures (others)
  A killer bee (D:5)
  A withered plant (D:4)
2 creatures vanquished.

Grand Total: 107 creatures vanquished

Notes
Turn   | Place    | Note
--------------------------------------------------------------
     0 | Abyss:1  | Gargoyl the Demonspawn Abyssal Knight began the quest for the Orb.
     0 | Abyss:1  | Reached XP level 1. HP: 18/18 MP: 2/2
    36 | Abyss:3  | Got an ancient spear
    39 | D:1      | Escaped the Abyss
    43 | D:1      | Identified the cursed +1 spear of Qell {pierce, rElec MR+} (You found it on level 3 of the Abyss)
   268 | D:1      | Gained mutation: You are partially covered in slimy green scales (AC +2). [demonic ancestry]
   268 | D:1      | Reached XP level 2. HP: 24/24 MP: 3/3
   415 | D:1      | Reached * piety under Lugonu
   628 | D:1      | You fall through a shaft!
   723 | D:2      | Found an opulent altar of Gozag.
  1213 | D:2      | Reached XP level 3. HP: 30/30 MP: 5/5
  1504 | D:2      | Found a burning altar of Makhleb.
  1504 | D:2      | Noticed an Executioner
  1587 | D:2      | Reached skill level 1 in Dodging
  1739 | D:2      | Reached skill level 2 in Armour
  1947 | D:2      | Reached ** piety under Lugonu
  2134 | D:3      | Noticed Gravitas's ghost (amateur GrWz)
  2162 | D:3      | Killed Gravitas's ghost
  2162 | D:3      | Reached skill level 3 in Armour
  2162 | D:3      | Gained mutation: A weak demonic guardian rushes to your aid. [demonic ancestry]
  2162 | D:3      | Reached XP level 4. HP: 7/37 MP: 6/6
  2162 | D:3      | Reached XP level 5. HP: 8/42 MP: 7/7
  2453 | D:3      | Reached skill level 1 in Polearms
  2668 | D:3      | Found an oddly glowing altar of Pakellas.
  3173 | D:4      | Gained mutation: A demonic guardian rushes to your aid. [demonic ancestry]
  3173 | D:4      | Reached XP level 6. HP: 48/48 MP: 8/8
  3191 | D:4      | Found a stormy altar of Qazlal.
  3250 | D:4      | Reached *** piety under Lugonu
  3582 | D:4      | Reached skill level 4 in Armour
  3754 | D:4      | Found a basalt altar of Yredelemnul.
  3970 | D:4      | Found an ancient bone altar of Kikubaaqudgha.
  4125 | D:5      | Entered Level 5 of the Dungeon
  4168 | D:5      | Gained mutation: You have large cloven feet. [demonic ancestry]
  4168 | D:5      | Reached XP level 7. HP: 55/55 MP: 9/9
  4307 | D:5      | Gained mutation: Your mind is acute. (Int +2) [mutagenic meat]
  4309 | D:5      | Gained mutation: Your flesh is cold resistant. [mutagenic meat]
  4436 | D:5      | Reached skill level 5 in Armour
  4569 | D:5      | Shot with an arrow by a centaur

Skill      XL: |  1  2  3  4  5  6  7 |
---------------+----------------------+-----
Axes           | 2 |  2.1
Dodging        | 1 2 3 |  3.2
Armour         | 3 4 5 |  5.1
Fighting       | 4 |  4.6
Invocations    | 3 |  3.1
Polearms       | 1 2 |  2.5
Stealth        | |  0.4
Shields        | |  0.8

Action                   |  1- 3 |  4- 6 |  7- 9 || total
-------------------------+-------+-------+-------++-------
Melee: Spear             |   152 |   175 |    33 ||   360
       Hand axe          |     1 |       |       ||     1
       War axe           |       |       |    46 ||    46
       Kick              |       |       |    16 ||    16
Invok: Depart the Abyss  |     1 |       |       ||     1
       Banish            |       |       |     1 ||     1
  Use: Scroll            |     4 |       |     4 ||     8
       Potion            |     4 |     3 |       ||     7
  Eat: Chunk             |     4 |     8 |     5 ||    17
Armor: Leather armour    |     3 |       |       ||     3
       Scale mail        |    73 |    71 |       ||   144
       Ring mail         |     1 |       |       ||     1
       Chain mail        |       |    16 |    71 ||    87
Dodge: Dodged            |    65 |    85 |    24 ||   174
Block: Buckler           |       |    19 |    21 ||    40
